 Dungeon Crawl Stone Soup version 0.28-b1-70-g80dc712255 (webtiles) character file.

Game seed: 2115562157595319090

525 vvl the Stinger (level 7, 0/50 HPs)
             Began as a Demonspawn Venom Mage on Feb 3, 2022.
             Succumbed to a kobold brigand's poison
             ... on level 4 of the Dungeon.
             The game lasted 00:08:07 (4404 turns).

vvl the Stinger (Demonspawn Venom Mage)             Turns: 4404, Time: 00:08:07

Health: 0/50       AC:  3    Str:  8    XL:     7   Next: 2%
Magic:  4/11       EV: 13    Int: 18    God:
Gold:   139        SH:  4    Dex: 16    Spells: 11/12 levels left

rFire   . . .      SeeInvis .   o - +1 short sword (venom)
rCold   . . .      Faith    .   (no shield)
rNeg    . . .      Spirit   +   a - +0 robe
rPois   .          Reflect  .   (helmet restricted)
rElec   .          Harm     .   (no cloak)
rCorr   .          Rampage  .   c - +0 pair of gloves
Will    .....                   m - +0 pair of boots
Stlth   +++.......              (no amulet)
HPRegen 0.16/turn               (no ring)
MPRegen 0.24/turn               (no ring)

@: brilliant, lethally poisoned (0 -> -7)
A: horns 2, thin skeletal structure 1, magic shield, magic regeneration,
condensation shield, deformed body, wild magic 1
a: no special abilities


You were on level 4 of the Dungeon.
You visited 1 branch of the dungeon, and saw 4 of its levels.

You collected 139 gold pieces.

Inventory:

Hand Weapons
 i - a +0 flail
 n - a +2 dagger of venom
 o - a +1 short sword of venom (weapon)
Armour
 a - a +0 robe (worn)
 c - a +0 pair of gloves (worn)
 m - a +0 pair of boots (worn)
Scrolls
 b - 8 scrolls of identify {unknown}
 d - a scroll of magic mapping {unknown}
 f - a scroll of holy word {unknown}
 k - a scroll of vulnerability {unknown}
 l - 2 scrolls of enchant weapon {unknown}
Potions
 h - a potion of might {unknown}
 j - a potion of heal wounds {unknown}


   Skills:
 + Level 2.1 Fighting
 + Level 1.9 Armour
 + Level 2.8 Dodging
 + Level 3.0 Stealth
 + Level 3.0 Spellcasting
 + Level 2.3 Transmutations
 * Level 4.9 Poison Magic


You had 11 spell levels left.
You knew the following spells:

 Your Spells              Type           Power      Damage    Failure   Level
a - Sting                 Tmut/Pois      100%       1d8       6%          1

Your spell library contained the following spells:

 Spells                   Type           Power      Damage    Failure   Level
 Poisonous Vapours        Pois/Air       44%        N/A       13%         2
 Olgreb's Toxic Radiance  Pois           40%        N/A       30%         4
 Mephitic Cloud           Conj/Pois/Air  16%        N/A       34%         3


Dungeon Overview and Level Annotations

Branches:
Dungeon (4/15)
 Temple: D:4-7

Altars:
Hepliaklqana

Shops:
D:4 =


Innate Abilities, Weirdness & Mutations

You have a pair of horns on your head.
You have a somewhat thin skeletal structure. (Dex +2, Stealth+)
When hurt, damage is shared between your health and your magic reserves.
You regenerate magic rapidly.
A meltable shield of frost defends you. (SH +4)
Armour fits poorly on your strangely shaped body.
Your spells are a little harder to cast, but a little more powerful.


Message History

Press: ? - help, Shift-Dir - straight line, f/p - kobold brigand
Aim: a kobold brigand, wielding a +0 dagger and quivering poisoned darts (heavily wounded, very poisoned, 67% to hit)
The sting misses the kobold brigand.
You feel sick. The kobold brigand barely misses you.
Unknown command.
Casting: Sting (safe; 3% risk of failure)
Confirm with . or Enter, or press ? or * to list all spells.
Aiming: Sting (safe; 3% risk of failure)
Press: ? - help, Shift-Dir - straight line, f/p - kobold brigand
Aim: a kobold brigand, wielding a +0 dagger and quivering poisoned darts (severely wounded, very poisoned, 67% to hit)
The sting misses the kobold brigand.
You feel sick. The kobold brigand misses you.
Unknown command.
Casting: Sting (safe; 3% risk of failure)
Confirm with . or Enter, or press ? or * to list all spells.
Aiming: Sting (safe; 3% risk of failure)
Press: ? - help, Shift-Dir - straight line, f/p - kobold brigand
Aim: a kobold brigand, wielding a +0 dagger and quivering poisoned darts (severely wounded, very poisoned, 67% to hit)
The sting hits the kobold brigand but does no damage.
The kobold brigand looks as sick as possible!
The kobold brigand is severely wounded.
You feel sick.
The kobold brigand hits you with a +0 dagger!
* * * LOW HITPOINT WARNING * * *
You feel sick.
The kobold brigand throws a poisoned dart.
The poisoned dart hits you!
You are lethally poisoned!
It was a potion of mutation.
You feel extremely strange. The horns on your head grow some more.
You feel less in control of your magic.
Your body twists and deforms.
* * * LOW HITPOINT WARNING * * *
You feel sick.
You kill the kobold brigand!
You have reached level 7!
Your demonic ancestry asserts itself...
You feel your magical essence form a protective shroud around your flesh.
It was a potion of brilliance.
You feel clever all of a sudden.
You die...

#...........#.#. #.............#.
#####.......#### ..............
#+# ###...######...# <.. .
##.#............. #.# ..
..#..#######.#.#
#.#######.####)#..# #.#..
#.#.........@..#..#######.#..
#.#.#####...)................
#..............#..#######.#.#
#######.#######.............#....
.......<.............######.###..
###...))..#####......#....#.####.
..........+..........##.#.#....#.
###.(.....##...########.#.####.#.
#........+...........(#)#..#.##


There were no monsters in sight!

Vanquished Creatures
  Sigmund (D:4)
  A necrophage (D:3)
  A kobold brigand (D:4)
  An orc priest (D:4)
  An iguana (D:4)
  2 orc wizards (D:4)
  2 adders
  4 dart slugs
  14 orcs (D:4)
  8 bats
  7 endoplasms
  A giant cockroach (D:4)
  3 goblins
  2 hobgoblins
  3 quokkas
  8 ball pythons
  2 frilled lizards
  7 kobolds
  7 rats
75 creatures vanquished.

Notes
Turn   | Place    | Note
-------+----------+-------------------------------------------
     0 | D:1      | vvl the Demonspawn Venom Mage began the quest for the Orb.
     0 | D:1      | Reached XP level 1. HP: 13/13 MP: 3/3
   152 | D:1      | Reached skill level 1 in Transmutations
   211 | D:1      | Gained mutation: You have a somewhat thin skeletal
                  | structure. (Dex +2, Stealth+) [demonic ancestry]
   211 | D:1      | Reached XP level 2. HP: 5/19 MP: 0/5
  1038 | D:1      | Found a faded altar of an unknown god.
  1294 | D:2      | Gained mutation: You have a pair of small horns on your
                  | head. [demonic ancestry]
  1294 | D:2      | Reached XP level 3. HP: 21/25 MP: 4/6
  2562 | D:3      | Reached XP level 4. HP: 31/31 MP: 4/7
  2863 | D:3      | Noticed a necrophage
  2883 | D:3      | Killed a necrophage
  2884 | D:3      | Reached skill level 1 in Fighting
  2884 | D:3      | Reached skill level 1 in Armour
  2884 | D:3      | Reached skill level 4 in Poison Magic
  2884 | D:3      | Gained mutation: A meltable shield of frost defends you.
                  | (SH +4) [demonic ancestry]
  2884 | D:3      | Reached XP level 5. HP: 16/37 MP: 6/8
  3754 | D:4      | Found Erumniud's Jewellery Shop.
  3897 | D:4      | Gained mutation: You regenerate magic rapidly. [demonic
                  | ancestry]
  3897 | D:4      | Reached XP level 6. HP: 32/44 MP: 3/10
  4164 | D:4      | Found a hazy altar of Hepliaklqana.
  4165 | D:4      | Noticed Sigmund
  4174 | D:4      | Killed Sigmund
  4175 | D:4      | Found a faded altar of an unknown god.
  4403 | D:4      | Gained mutation: You have a pair of horns on your head.
                  | [potion of mutation]
  4403 | D:4      | Gained mutation: Your spells are a little harder to cast,
                  | but a little more powerful. [potion of mutation]
  4403 | D:4      | Gained mutation: Armour fits poorly on your strangely
                  | shaped body. [potion of mutation]
  4403 | D:4      | HP: 2/44 [poisoned by a kobold brigand]
  4404 | D:4      | Gained mutation: When hurt, damage is shared between your
                  | health and your magic reserves. [demonic ancestry]
  4404 | D:4      | Reached XP level 7. HP: 2/50 MP: 4/11
  4404 | D:4      | Succumbed to a kobold brigand's poison

Illustrated notes

Levels and vault maps discovered:
D:1:      dpeg_chamrin_arrival_tetris, layout_rooms,
          shapermc_ecumenical_altar_mp_highgroup, minmay_misc_feat_x
D:2:      layout_loops_ring
D:3:      layout_basic
D:4:      layout_basic, beargit_hepliaklqana_dungeon_heroes, serial_shops,
          nicolae_shop_stone, nicolae_inconvenience_store

Skill      XL: |  1  2  3  4  5  6 |
---------------+-------------------+-----
Transmutations | 1 2 |  2.3
Stealth        | 2 3 |  3.0
Dodging        | 2 |  2.8
Fighting       | 1 2 |  2.1
Armour         | 1 |  1.9
Poison Magic   | 4 |  4.9
Spellcasting   | 3 |  3.0

Action                   |  1- 3 |  4- 6 |  7- 9 || total
-------------------------+-------+-------+-------++-------
Melee: Unarmed           |    26 |       |       ||    26
       Short sword       |    17 |    39 |       ||    56
       Flail             |       |    31 |       ||    31
       Headbutt          |       |    15 |       ||    15
       Punch             |       |     2 |       ||     2
 Cast: Sting             |    67 |    53 |       ||   120
  Use: Potion            |       |     1 |     1 ||     2
 Stab: Sleeping          |     1 |     4 |       ||     5
Armor: Robe              |    11 |    18 |       ||    29
Dodge: Dodged            |    51 |    38 |       ||    89
Block: Other             |       |     7 |       ||     7
